 Dungeon Crawl Stone Soup version 0.30.1-11-g7821555f0a (webtiles) character file.

Game seed: 14344343889223404950

1633 Gumption the Digger (level 8, -6/67 HPs)
             Began as a Troll Earth Elementalist on Dec 13, 2023.
             Was an Elder of Vehumet.
             Killed from afar by Maggie (22 damage)
             ... with a bolt of fire
             ... on level 6 of the Dungeon.
             The game lasted 00:36:21 (6020 turns).

Gumption the Digger (Troll Earth Elementalist)      Turns: 6020, Time: 00:36:22

Health: -6/67      AC:  8    Str: 17    XL:     8   Next: 66%
Magic:  4/12       EV:  9    Int: 18    God:    Vehumet [****..]
Gold:   266        SH:  0    Dex: 10    Spells: 9/14 levels left

rFire   . .          .
                       - Unarmed
rCold   . . .        (no shield)
rNeg    . . .        a - +0 robe
rPois   .            (helmet restricted)
rElec   +            (no cloak)
rCorr   .            (gloves unavailable)
SInv    .            (boots unavailable)
Will    .....        (no amulet) Stlth
                     o - ring "Pusuewk" {rElec AC+4 Int+5 Stlth-}
HPRegen 1.11/turn    (no ring)
MPRegen 0.13/turn

%: no passive effects
@: mesmerised, studying Axes
A: large, unfitting armour, claws 3, regeneration 1, shaggy fur 1, tough skin 1
a: Renounce Religion


You were on level 6 of the Dungeon.
You worshipped Vehumet.
Vehumet was greatly pleased with you.
You visited 1 branch of the dungeon, and saw 6 of its levels.
You also visited: Ossuary.

You collected 266 gold pieces.

Inventory:

Hand Weapons
 e - a +0 sling
Missiles
 j - 5 poisoned darts
 w - a throwing net
Armour
 a - a +0 robe (worn)
Magical Staves
 h - a staff of cold
Jewellery
 o - the ring "Pusuewk" (left claw) {rElec AC+4 Int+5 Stlth-}
   (You found it on level 3 of the Dungeon)

   [ring of protection]

   AC:        It affects your AC (+4).
   Int:       It affects your intelligence (+5).
   rElec:     It insulates you from electricity.
   Stlth:     It makes you less stealthy.
Wands
 c - a wand of light (7)
Scrolls
 d - 2 scrolls of vulnerability {unknown}
 f - 3 scrolls of fog {unknown}
 g - a scroll of enchant weapon {unknown}
 k - 6 scrolls of immolation
 m - a scroll of blinking {unknown}
 r - a scroll of poison
 t - a scroll of noise {unknown}
 v - 2 scrolls of teleportation {unknown}
 x - a scroll of torment {unknown}
 y - a scroll of fear {unknown}
Potions
 b - 3 potions of magic
 i - a potion of berserk rage
 l - 9 potions of curing
 n - a potion of cancellation {unknown}
 p - 2 potions of brilliance
 q - a potion of attraction {unknown}
 s - a potion of flight {unknown}
 u - a potion of resistance {unknown}
 z - a potion of mutation {unknown}


   Skills:
 - Level 1.5 Dodging
 - Level 1.0 Stealth
 + Level 5.3 Unarmed Combat
 + Level 3.6 Spellcasting
 + Level 2.2 Conjurations
 - Level 0.6 Transmutations
 + Level 7.0 Earth Magic


You had 9 spell levels left.
You knew the following spells:

 Your Spells              Type           Power      Damage    Failure   Level
a - Sandblast             Erth           56%        2d13      1%          1
b - Foxfire               Conj/Fire      28%        2x1d5     2%          1
c - Stone Arrow           Conj/Erth      38%        3d9       1%          3

Your spell library contained the following spells:

 Spells                   Type           Power      Damage    Failure   Level
 Freezing Cloud           Conj/Ice/Air   2%         6-21      58%         5
 Passwall                 Tmut/Erth      13%        N/A       4%          2
 Scorch                   Fire           6%         2d5       7%          2
 Flame Wave               Conj/Fire      7%         2d5       24%         4
 Petrify                  Tmut/Erth      16%        N/A       32%         4
 Ozocubu's Armour         Ice            3%         N/A       43%         3
 Metabolic Englaciation   Hex/Ice        1%         N/A       99%         5
 Simulacrum               Ice/Necr       1%         N/A       100%        6
 Summon Cactus Giant      Summ           1%         N/A       100%        6


Dungeon Overview and Level Annotations

Branches:
Dungeon (6/15)            Ossuary (visited)
 Temple: D:4-7

Altars:
Elyvilon
Hepliaklqana
Ru
Vehumet
The Shining One

Shops:
D:5 (

Annotations:
D:6 Maggie


Innate Abilities, Weirdness & Mutations

You are too large for most types of armour.
You have claws for hands.
Your natural rate of healing is unusually fast.
You are covered in fur. (AC +1)
You have tough skin. (AC +1)


Message History

Maggie barely misses you. Maggie hits you with a +0 war axe!
The blast of sand hits Maggie!
Maggie is lightly wounded.
Maggie hits you with a +0 war axe!
The blast of sand hits Maggie!
Maggie is moderately wounded.
Maggie mumbles some strange words.
Maggie attempts to bespell you!
You easily resist.
Maggie says, "Leave now, and tell all of Margery's mercy!"
Maggie hits you with a +0 war axe.
The blast of sand hits Maggie but does no damage.
Maggie is moderately wounded.
Maggie hits you with a +0 war axe.
The blast of sand hits Maggie.
Maggie is moderately wounded.
Maggie casts a spell.
Maggie attempts to bespell you!
You are mesmerised by Maggie!
Maggie gestures at you while chanting. The bolt of fire misses you.
The blast of sand hits Maggie.
Maggie is heavily wounded.
Maggie hits you with a +0 war axe!
You are too injured to fight recklessly!
You completely miss Maggie.
Maggie is heavily wounded.
Maggie hits you with a +0 war axe.
You claw Maggie!
Maggie is severely wounded.
Maggie closely misses you.
You scratch Maggie but do no damage.
Maggie is severely wounded.
Maggie casts a spell at you. The bolt of fire hits you!
* * * LOW HITPOINT WARNING * * *
You scratch Maggie but do no damage.
Maggie is severely wounded.
Maggie casts a spell at you. The bolt of fire hits you!!
You die...

* * ##########****####*****
....<....#,,,,,...,,..#
...#####....,,,[.#**#.#
..,,***,,,,.,,##.# #.#
.,,,*,,,,,,,,,,..# ##.##
,,,,,,*,**,**,*#.###...####
,,,,,,,,**,**,##@.........#
******,***,*#.#@..##...##.#
* *,* *,*#.......<.....#
*,* *>*###...###.##..# ***
*,* *,...........##..# ,,*
*,****#........####..# *,*
*,,,* #........####..####
*,* ***,*
#.##...#..........# *,* *,*
#.*#...#####......#


You could see Maggie (mesmerising).

Vanquished Creatures
  A water moccasin (D:6)
  2 black bears
  2 ogres
  3 centaurs (D:5)
  A phantom (D:6)
  A bullfrog (D:6)
  2 scorpions
  A jelly (D:4)
  An orc priest (D:4)
  A gnoll bouda (D:5)
  3 hounds
  3 iguanas
  A sleepcap (D:5)
  5 orc wizards
  A mummy (Ossuary)
  4 gnolls (D:5)
  10 adders
  A white imp (D:6)
  A worm (D:3)
  2 dart slugs (D:1)
  11 orcs
  3 spectral bats (Ossuary)
  6 bats
  8 endoplasms
  2 giant cockroaches
  5 goblins
  4 hobgoblins
  10 jackals
  4 quokkas
  4 ball pythons
  A frilled lizard (D:3)
  12 gnoll zombies (Ossuary)
  3 goblin simulacra (Ossuary)
  8 goblin zombies (Ossuary)
  4 hobgoblin zombies (Ossuary)
  4 kobolds
  2 kobold simulacra (Ossuary)
  2 kobold zombies (Ossuary)
  4 orc zombies (Ossuary)
  9 rats
  7 rat simulacra (Ossuary)
  3 spectral goblins (Ossuary)
  3 spectral kobolds (Ossuary)
  2 spectral rats (Ossuary)
167 creatures vanquished.

Vanquished Creatures (others)
  2 foxfires (D:5)
2 creatures vanquished.

Grand Total: 169 creatures vanquished

Notes
Turn   | Place    | Note
-------+----------+-------------------------------------------
     0 | D:1      | Gumption the Troll Earth Elementalist began the quest for
                  | the Orb.
     0 | D:1      | Reached XP level 1. HP: 16/16 MP: 1/1
   214 | D:1      | Reached skill level 3 in Earth Magic
   214 | D:1      | Reached XP level 2. HP: 24/24 MP: 0/3
   595 | D:1      | Reached skill level 1 in Unarmed Combat
   747 | D:1      | Found a faded altar of an unknown god.
   762 | D:1      | Prayed at the altar of an unknown god.
   762 | D:1      | Became a worshipper of Vehumet
   762 | D:1      | Reached * piety under Vehumet
   762 | D:1      | Offered knowledge of Foxfire by Vehumet.
   886 | D:2      | Reached XP level 3. HP: 31/31 MP: 1/4
   918 | D:2      | Learned a level 1 spell: Foxfire
   922 | D:2      | Learned a level 3 spell: Stone Arrow
  1803 | D:3      | Found a sacrificial altar of Ru.
  1849 | D:3      | Offered knowledge of Kiss of Death by Vehumet.
  1850 | D:3      | Reached XP level 4. HP: 39/39 MP: 5/5
  1895 | D:3      | Reached ** piety under Vehumet
  1896 | D:3      | Reached skill level 4 in Earth Magic
  1942 | D:3      | Identified the ring "Pusuewk" {rElec AC+4 Int+5 Stlth-}
  2754 | D:4      | Reached XP level 5. HP: 34/45 MP: 1/6
  2922 | D:4      | Noticed a black bear
  2940 | D:4      | Killed a black bear
  3017 | D:4      | Reached XP level 6. HP: 53/53 MP: 6/8
  3297 | D:4      | Reached skill level 5 in Earth Magic
  3465 | D:4      | Found a white marble altar of Elyvilon.
  3590 | D:4      | Offered knowledge of Hailstorm by Vehumet.
  3780 | D:4      | Reached XP level 7. HP: 59/59 MP: 7/9
  3933 | D:5      | Entered Level 5 of the Dungeon
  3965 | D:5      | Found Tuaniom's Weapon Emporium.
  4412 | D:5      | Reached skill level 6 in Earth Magic
  4472 | D:5      | Found a glowing golden altar of the Shining One.
  4496 | D:5      | Found a hazy altar of Hepliaklqana.
  4853 | D:5      | Reached *** piety under Vehumet
  4942 | D:5      | Reached skill level 1 in Conjurations
  4942 | D:5      | Reached XP level 8. HP: 66/67 MP: 8/11
  5221 | D:6      | Found a sand-covered staircase.
  5229 | Ossuary  | Entered an ossuary
  5321 | Ossuary  | Offered knowledge of Olgreb's Toxic Radiance by Vehumet.
  5610 | Ossuary  | Reached **** piety under Vehumet
  5673 | Ossuary  | Offered knowledge of Freezing Cloud by Vehumet.
  5909 | D:6      | Reached skill level 5 in Unarmed Combat
  6006 | D:6      | Reached skill level 7 in Earth Magic
  6007 | D:6      | Noticed Maggie
  6020 | D:6      | Killed from afar by Maggie

Illustrated notes

Levels and vault maps discovered:
D:1:      wander_arrival_chamber, layout_rooms,
          hellmonk_ecumenical_altar_arch_garden
D:2:      layout_loops_cross
D:3:      layout_basic, lemuel_doored_altar
D:4:      layout_basic, elyvilon_altar_1, roderic_serpentine_path
D:5:      layout_loops_corners, mainiacjoe_overflow_chevrons, tso_altar,
          serial_shops, nicolae_shop_bloodbath_and_beyond, minmay_manual_mares
D:6:      layout_loops_ring, nicolae_ossuary_entry_false_entrances,
          kennysheep_pointless_box, uniq_maggie, uniq_crazy_yiuf_cottage

Skill      XL: |  1  2  3  4  5  6  7  8 |
---------------+-------------------------+-----
Earth Magic    | 3 4 5 6 7 |  7.0
Unarmed Combat | 1 2 3 4 5 |  5.3
Spellcasting   | 2 3 |  3.6
Conjurations   | 1 2 |  2.2
Dodging        | |  1.5
Stealth        | |  1.0
Transmutations | |  0.6

Action                     |  1- 3 |  4- 6 |  7- 9 || total
---------------------------+-------+-------+-------++-------
  Melee: Unarmed           |    43 |    20 |   110 ||   173
         Punch             |       |       |     1 ||     1
  Throw: Dart              |       |     5 |       ||     5
   Cast: Sandblast         |    49 |    74 |    97 ||   220
         Foxfire           |       |       |     1 ||     1
    Use: Scroll            |       |       |     7 ||     7
   Stab: Sleeping          |     2 |       |       ||     2
 Armour: Robe              |    27 |    25 |    81 ||   133
  Dodge: Dodged            |    27 |    32 |    73 ||   132
